 Dungeon Crawl Stone Soup version 0.26-a0-610-g3e9335bbc7 (webtiles) character file.

Game seed: 11501334904854126348

126 Murumi the Skirmisher (level 4, -3/42 HPs)
             Began as a Palentonga Fighter on Sept 3, 2020.
             Killed from afar by a white imp (8 damage)
             ... with a puff of frost
             ... summoned by Natasha
             ... on level 2 of the Dungeon.
             The game lasted 00:06:50 (2253 turns).

Murumi the Skirmisher (Palentonga Fighter)          Turns: 2253, Time: 00:06:51

Health: -3/42      AC:  9    Str: 16    XL:     4   Next: 84%
Magic:  4/4        EV:  5    Int:  8    God:
Gold:   31         SH:  9    Dex: 10    Spells: 3/3 levels left

rFire    . . .     SeeInvis +   a - +0 flail
rCold    . . .     Faith    .   c - +1 kite shield
rNeg     . . .     Spirit   .   b - +0 scale mail
rPois    .         Reflect  .   e - +0 helmet (curse)
rElec    .         Harm     .   (no cloak)
rCorr    .                      k - +0 pair of gloves (curse)
MR       .....                  (no barding)
Stlth    ..........             (no amulet)
HPRegen  0.14/turn              h - -4 ring of strength (curse)
MPRegen  0.09/turn              (no ring)

@: no status effects
A: large, rugged brown scales 3, see invisible, deformed body, roll, armoured
tail
a: Rolling Charge


You were on level 2 of the Dungeon.
You visited 1 branch of the dungeon, and saw 2 of its levels.

You collected 31 gold pieces.

Inventory:

Hand Weapons
 a - a +0 flail (weapon)
Armour
 b - a +0 scale mail (worn)
 c - a +1 kite shield (worn)
 e - a cursed +0 helmet (worn)
 g - a +2 helmet of see invisible
 k - a cursed +0 pair of gloves (worn)
Jewellery
 h - a cursed -4 ring of strength (left hand)
Scrolls
 f - 2 scrolls of enchant armour
 i - 3 scrolls of teleportation


   Skills:
 + Level 3.9 Fighting
 - Level 3.0 Maces & Flails
 - Level 3.0 Armour
 - Level 1.0 Dodging
 - Level 3.0 Shields


You had 3 spell levels left.
You didn't know any spells.
Your spell library was empty.

Dungeon Overview and Level Annotations

Branches:
Dungeon (2/15)

Altars:

Annotations:
D:2 Natasha


Innate Abilities, Weirdness & Mutations

You are completely covered in rugged brown scales. (AC +3, +7% HP)
You have supernaturally acute eyesight. (SInv)
Armour fits poorly on your strangely shaped body.
You can roll at foes to attack.
You have a long armoured tail.


Message History

Natasha is lightly wounded.
The white imp hits you but does no damage.
You block Natasha's attack. The white imp hits you.
* * * LOW HITPOINT WARNING * * *
The white imp freezes you.
* * * LOW HITPOINT WARNING * * *
You block Natasha's attack.
You thump Natasha!
Natasha is severely wounded.
The white imp hits you but does no damage.
Natasha closely misses you. The white imp gestures at you.
The puff of frost hits you but does no damage.
You block Natasha's attack.
You closely miss Natasha.
Natasha is severely wounded.
You feel yourself speed up. The white imp gestures at you.
The puff of frost hits you!
You die...

#.# #.# #.# #.# #.# #.# #<#
##.## #^# #.# ##...## #.#
#.. #....[## #.# ..
##.....#######. #
##............
..#.##.h5....######
#......@......#
###.##.......## . ##.....##
#....## ##.#.## #.....#####
#..##.#..<#########
#########..##.#............
#
#...........#.#...##.##.##.


You could see Natasha and a white imp (summoned).

Vanquished Creatures
  Natasha (twice) (D:2)
  Robin (D:2)
  An adder (D:2)
  A worm (D:2)
  7 bats
  2 giant cockroaches
  17 goblins
  5 hobgoblins
  A quokka (D:2)
  2 ball pythons
  A frilled lizard (D:1)
  3 kobolds (D:1)
  4 rats
47 creatures vanquished.

Vanquished Creatures (others)
  4 plants (D:1)
4 creatures vanquished.

Grand Total: 51 creatures vanquished

Notes
Turn   | Place    | Note
-------+----------+-------------------------------------------
     0 | D:1      | Murumi the Palentonga Fighter began the quest for the Orb.
     0 | D:1      | Reached XP level 1. HP: 20/20 MP: 1/1
    55 | D:1      | Reached XP level 2. HP: 21/27 MP: 2/2
   965 | D:2      | Reached XP level 3. HP: 33/33 MP: 3/3
  1199 | D:2      | Reached skill level 1 in Dodging
  1354 | D:2      | Noticed Natasha
  1366 | D:2      | Killed Natasha
  1366 | D:2      | Reached XP level 4. HP: 16/40 MP: 4/4
  1671 | D:2      | Noticed Robin
  1673 | D:2      | Noticed Natasha
  1704 | D:2      | Killed Robin
  1725 | D:2      | HP: 2/40 [Natasha (7)]
  1731 | D:2      | Killed Natasha
  2239 | D:2      | Noticed Natasha
  2253 | D:2      | Killed from afar by a white imp

Illustrated notes

Levels and vault maps discovered:
D:1:      wander_arrival_fairy_ring, layout_basic
D:2:      layout_loops_corners, kennysheep_generic_room_6, uniq_natasha,
          uniq_robin

Skill      XL: |  1  2  3  4 |
---------------+-------------+-----
Armour         | 3 |  3.0
Shields        | 3 |  3.0
Dodging        | 1 |  1.0
Maces & Flails | 3 |  3.0
Fighting       | |  3.9

Action                   |  1- 3 |  4- 6 || total
-------------------------+-------+-------++-------
Melee: Flail             |    95 |    72 ||   167
       Tailslap          |     9 |     7 ||    16
 Abil: Rolling Charge    |    23 |     1 ||    24
  Use: Scroll            |     4 |       ||     4
       Potion            |     1 |     4 ||     5
Armor: Scale mail        |    36 |    36 ||    72
Dodge: Dodged            |    23 |    21 ||    44
Block: Kite shield       |    42 |    40 ||    82

Table legend: (Time is in decaauts)
 A = Elapsed time spent in this place.
 B = Non-inter-level travel time spent in this place.
 C = Inter-level travel time spent in this place.
 D = Time resting spent in this place.
 E = Time spent auto-exploring this place.
 F = Levels seen in this place.
 G = Mean time per level.
                   A        B        C        D        E       F      G
               +--------+--------+--------+--------+--------+-----+--------+
         Total |   2345 |   2236 |    109 |    375 |   1499 |   2 | 1172.5 |
       Dungeon |   2345 |   2236 |    109 |    375 |   1499 |   2 | 1172.5 |
               +--------+--------+--------+--------+--------+-----+--------+

Top non-repeatable levels by time:
     D:2: 1519 daAuts
     D:1: 826 daAuts
